 Dungeon Crawl Stone Soup version 0.27-a0-1065-ge809cff456 (webtiles) character file.

Game seed: 7710149182786389601

322 snetch the Conjurer (level 6, -2/32 HPs)
             Began as a Deep Elf Conjurer on Apr 23, 2021.
             Slain by Duvessa
             ... wielding a +0 short sword
              (10 damage)
             ... on level 5 of the Dungeon.
             The game lasted 00:11:28 (3865 turns).

snetch the Conjurer (Deep Elf Conjurer)             Turns: 3865, Time: 00:11:28

Health: -2/32      AC:  5    Str:  4    XL:     6   Next: 22%
Magic:  8/14       EV: 11    Int: 25    God:
Gold:   155        SH:  0    Dex: 13    Spells: 8/14 levels left

rFire    . . .     SeeInvis .   a - +1 short sword (protect)
rCold    . . .     Faith    .   (no shield)
rNeg     . . .     Spirit   .   r - +0 leather armour
rPois    .         Reflect  .   n - +0 helmet
rElec    .         Harm     .   (no cloak)
rCorr    .         Rampage  .   (no gloves)
Will     .....                  E - +0 pair of boots
Stlth    ++........             A - amulet of magic regeneration
HPRegen  0.10/turn              y - ring of flight
MPRegen  0.39/turn              (no ring)

@: flying
A: no striking features
a: no special abilities


You were on level 5 of the Dungeon.
You visited 1 branch of the dungeon, and saw 5 of its levels.

You collected 155 gold pieces.

Inventory:

Hand Weapons
 a - a +1 short sword of protection (weapon)
 c - a +2 flail of holy wrath
 d - a +1 whip of electrocution
 w - a +0 hand axe of holy wrath
 C - a +0 war axe
Missiles
 f - 31 poisoned darts
 k - 45 bolts
 l - 44 arrows
 v - 110 stones
Armour
 h - a +0 scale mail
 i - a +0 ring mail
 n - a +0 helmet (worn)
 r - a +0 leather armour (worn)
 u - a +0 robe
 x - a +0 chain mail
 B - the +1 chain mail "Burysm" {Dex+4}
   (You found it on level 4 of the Dungeon)

   It affects your dexterity (+4).
 E - a +0 pair of boots (worn)
Magical Staves
 b - a staff of poison
Jewellery
 s - an amulet of reflection
 y - a ring of flight (left hand)
 A - an amulet of magic regeneration (around neck)
 D - a ring of ice
Scrolls
 e - a scroll of vulnerability {unknown}
 g - 7 scrolls of identify {unknown}
 j - a scroll of fog {unknown}
 p - a scroll of blinking {unknown}
 q - a scroll of noise {unknown}
 t - a scroll of acquirement {unknown}
 z - 2 scrolls of teleportation {unknown}
Potions
 m - a potion of flight {unknown}
 o - a potion of lignification {unknown}
 F - a potion of magic {unknown}


   Skills:
 + Level 0.6 Armour
 + Level 3.0 Dodging
 + Level 3.3 Stealth
 + Level 4.5 Spellcasting
 + Level 7.1 Conjurations


You had 8 spell levels left.
You knew the following spells:

 Your Spells              Type           Power      Damage    Failure   Level
a - Magic Dart            Conj           100%       1d8       1%          1
b - Searing Ray           Conj           82%        3d6       1%          2
c - Dazzling Flash        Conj/Hex       46%        N/A       11%         3

Your spell library contained the following spells:

 Spells                   Type           Power      Damage    Failure   Level
 Fulminant Prism          Conj/Hex       11%        3d9       34%         4
 Iskenderun's Mystic Bla  Conj/Tloc      23%        2d6       34%         4


Dungeon Overview and Level Annotations

Branches:
Dungeon (5/15)
 Temple: D:4-7

Altars:
Wu Jian
Yredelemnul

Annotations:
D:5 Duvessa


Message History

v - 110 stones (gained 17)
Found two short swords.
Duvessa, Sister of Dowan comes into view.
She is wielding a +0 short sword.
Duvessa shouts!
Casting: Magic Dart (safe; 1% risk of failure)
Confirm with . or Enter, or press ? or * to list all spells.
You can't see any susceptible monsters within range! (Use Z to cast anyway.)
The magic dart hits Duvessa.
Duvessa is lightly wounded.
Dowan, Brother of Duvessa comes into view.
He is wielding a +0 dagger.
The magic dart hits Duvessa.
Duvessa is lightly wounded.
Dowan shouts!
The magic dart hits Duvessa but does no damage.
Duvessa is lightly wounded.
Casting: Magic Dart (safe; 1% risk of failure)
Confirm with . or Enter, or press ? or * to list all spells.
Aiming: Searing Ray (safe; 1% risk of failure)
Press: ? - help, Shift-Dir - straight line, f/p - Duvessa
Aim: Duvessa, wielding a +0 short sword and wearing a +0 chain mail (lightly wounded, 89% to hit)
The searing ray hits Duvessa.
Duvessa is lightly wounded.
The searing ray hits Dowan!
Dowan is heavily wounded. (Press . to maintain the ray.)
The searing ray misses Duvessa.
The searing ray hits Dowan!
Dowan is almost dead.
Duvessa hits you with a +0 short sword!
Unknown command.
The searing ray hits Duvessa!
Duvessa is moderately wounded.
The searing ray misses Dowan.
Duvessa hits you with a +0 short sword!
The searing ray misses Duvessa.
The searing ray hits Dowan.
You kill Dowan!
Duvessa screams in rage.
Duvessa goes berserk!
You finish channeling your searing ray.
Duvessa hits you with a +0 short sword!
* * * LOW HITPOINT WARNING * * *
Duvessa hits you with a +0 short sword!
You die...

#...###.###.#
#....# #.#
... #..####.#
#.# ...
#)..)...# #.#
...
...####.###.#
#.#
............#
#.#
.######.....#
#)#
#.###.###e#
#.##...##@#
#.#.###.#.#
.... #...#
### #.###
..## ...#
####


You could see Duvessa (berserk).

Vanquished Creatures
  Dowan (D:5)
  A water moccasin skeleton (D:5)
  A centaur skeleton (D:2)
  An iguana (D:4)
  8 gnolls
  6 adders
  A shadow imp (D:2)
  2 dart slugs (D:1)
  8 orcs
  10 endoplasms
  A giant cockroach (D:1)
  4 hobgoblins
  3 jackals (D:1)
  6 kobolds
  2 quokkas
  8 ball pythons
  3 bats
  4 frilled lizards
  5 goblins
  4 rats
79 creatures vanquished.

Vanquished Creatures (others)
  A plant (D:1)
1 creature vanquished.

Grand Total: 80 creatures vanquished

Notes
Turn   | Place    | Note
-------+----------+-------------------------------------------
     0 | D:1      | snetch the Deep Elf Conjurer began the quest for the Orb.
     0 | D:1      | Reached XP level 1. HP: 10/10 MP: 6/6
   203 | D:1      | Reached XP level 2. HP: 15/15 MP: 6/8
   386 | D:1      | Learned a level 2 spell: Searing Ray
   523 | D:1      | Reached skill level 5 in Conjurations
   524 | D:1      | You fall into a shaft and drop 1 floor!
   552 | D:2      | Reached XP level 3. HP: 19/19 MP: 5/9
  1304 | D:2      | Reached XP level 4. HP: 24/24 MP: 2/11
  1425 | D:2      | Learned a level 3 spell: Dazzling Flash
  1696 | D:2      | Reached skill level 6 in Conjurations
  1700 | D:2      | Reached XP level 5. HP: 28/28 MP: 3/13
  3289 | D:4      | Identified the +1 chain mail "Burysm" {Dex+4}
  3315 | D:5      | Entered Level 5 of the Dungeon
  3545 | D:4      | Reached XP level 6. HP: 32/32 MP: 10/14
  3704 | D:4      | Found a basalt altar of Yredelemnul.
  3796 | D:4      | Found an ornate altar of the Wu Jian Council.
  3821 | D:5      | Reached skill level 7 in Conjurations
  3857 | D:5      | Noticed Duvessa
  3859 | D:5      | Noticed Dowan
  3865 | D:5      | Killed Dowan
  3865 | D:5      | Slain by Duvessa

Illustrated notes

Levels and vault maps discovered:
D:1:      psy_arrival_conway, layout_loops_ring, minmay_close_crescents
D:2:      layout_rooms, minmay_door_square, glass_columns_a, hex_intersection
D:3:      layout_basic
D:4:      layout_rooms, nicolae_overflow_hidden_temple, kennysheep_mini,
          minmay_small_thing
D:5:      layout_loops_ring, uniq_duvessa, uniq_menkaure

Skill      XL: |  1  2  3  4  5  6 |
---------------+-------------------+-----
Conjurations   | 5 6 7 |  7.1
Stealth        | 3 |  3.3
Dodging        | 3 |  3.0
Spellcasting   | 4 |  4.5
Armour         | |  0.6

Action                   |  1- 3 |  4- 6 || total
-------------------------+-------+-------++-------
Melee: Unarmed           |     3 |       ||     3
       Dagger            |     1 |       ||     1
       Short sword       |       |     8 ||     8
 Cast: Magic Dart        |    68 |    77 ||   145
       Searing Ray       |       |     8 ||     8
       Dazzling Flash    |       |     1 ||     1
Armor: Robe              |     1 |       ||     1
       Leather armour    |       |    10 ||    10
Dodge: Dodged            |     9 |    13 ||    22
Block: Other             |       |     5 ||     5

Table legend: (Time is in decaauts)
 A = Elapsed time spent in this place.
 B = Non-inter-level travel time spent in this place.
 C = Inter-level travel time spent in this place.
 D = Time resting spent in this place.
 E = Time spent auto-exploring this place.
 F = Levels seen in this place.
 G = Mean time per level.
                   A        B        C        D        E       F      G
               +--------+--------+--------+--------+--------+-----+--------+
         Total |   3874 |   3753 |    121 |     99 |   2854 |   5 |  774.8 |
       Dungeon |   3874 |   3753 |    121 |     99 |   2854 |   5 |  774.8 |
               +--------+--------+--------+--------+--------+-----+--------+

Top non-repeatable levels by time:
     D:1: 1165 daAuts
     D:3: 1153 daAuts
     D:2: 952 daAuts
     D:4: 538 daAuts
     D:5: 64 daAuts
